 Dungeon Crawl Stone Soup version 0.29.0-4-gdea44cf6ec (webtiles) character file.

Game seed: 4861151212218571491

7709 qw the Grappler (level 11, -2/105 HPs)
             Began as a Troll Cinder Acolyte on Sept 1, 2022.
             Was an Initiate of Ignis.
             Killed from afar by an oklob plant (5 damage)
             ... with a splash of acid
             ... on level 1 of the Lair of Beasts.
             The game lasted 00:05:15 (8297 turns).

qw the Grappler (Troll Cinder Acolyte)              Turns: 8297, Time: 00:05:16

Health: -2/105     AC:  4    Str: 28    XL:     11   Next: 0%
Magic:  11/11      EV: 10    Int: 10    God:    Ignis [......]
Gold:   383        SH: 12    Dex:  5    Spells: 12/12 levels left

rFire   + . .      SeeInvis +     - Unarmed
rCold   . . .      Faith    .   g - +0 tower shield
rNeg    . . .      Spirit   .   f - +0 acid dragon scales
rPois   .          Reflect  .   (helmet restricted)
rElec   .          Harm     .   (no cloak)
rCorr   +          Rampage  .   (gloves unavailable)
Will    .....                   (boots unavailable)
Stlth   ..........              (no amulet)
HPRegen 1.07/turn               l - +4 ring of evasion
MPRegen 0.12/turn               d - ring of see invisible

@: corroded
A: large, unfitting armour, claws 3, regeneration 1, shaggy fur 1, tough skin 1
a: Renounce Religion, Rising Flame


You were on level 1 of the Lair of Beasts.
You worshipped Ignis.
Ignis was noncommittal.
You visited 2 branches of the dungeon, and saw 10 of its levels.

You collected 539 gold pieces.
You spent 156 gold pieces at shops.


Innate Abilities, Weirdness & Mutations

You are too large for most types of armour.
You have claws for hands.
Your natural rate of healing is unusually fast.
You are covered in fur. (AC +1)
You have tough skin. (AC +1)


   Skills:
 - Level 5.8 Fighting
 - Level 4.5 Throwing
 - Level 1.1 Dodging
 + Level 8.1 Shields
 - Level 12.2 Unarmed Combat
 - Level 1.0 Spellcasting
 - Level 2.1 Fire Magic


You had 12 spell levels left.
You didn't know any spells.
Your spell library contained the following spells:

 Spells                   Type           Power      Damage    Failure   Level
 Scorch                   Fire           8%         2d5       77%         2

Inventory:

Armour
 f - +0 acid dragon scales (worn)
 g - a +0 tower shield (worn)
 m - a scarf of invisibility
Jewellery
 c - a ring of protection from fire
 d - a ring of see invisible (right claw)
 l - a +4 ring of evasion (left claw)
 p - a ring of ice
Scrolls
 b - 4 scrolls of enchant weapon
 n - a scroll of brand weapon {unknown}
 r - 2 scrolls of identify
Potions
 a - 3 potions of mutation
 h - a potion of resistance {unknown}
 i - 3 potions of heal wounds {unknown}
 j - 2 potions of haste
 k - a potion of flight {unknown}
 o - a potion of might {unknown}

Dungeon Overview and Level Annotations

Branches:
Dungeon (9/15)             Temple (0/1) D:6            Lair (1/5) D:9
    Orc (0/2) D:9

Altars:
Gozag
Hepliaklqana
Kikubaaqudgha
Makhleb
Ru
Sif Muna
Uskayaw
Wu Jian

Shops:
D:8 **


Message History

The oklob plant spits acid at you. The splash of acid hits you! You resist.
The oklob plant spits acid at you. The splash of acid hits you! You resist.
The oklob plant spits acid at you. The splash of acid hits you! You resist.
The acid corrodes you! The oklob plant spits acid at you.
The splash of acid hits you! You resist. The acid corrodes you!
The oklob plant spits acid at you. The splash of acid hits you. You resist.
The oklob plant spits acid at you. The splash of acid hits you! You resist.
The oklob plant spits acid at you. The splash of acid hits you! You resist.
The oklob plant spits acid at you. The splash of acid hits you! You resist.
The oklob plant spits acid at you. The splash of acid hits you! You resist.
The oklob plant spits acid at you. You block the splash of acid.
The oklob plant spits acid at you. You block the splash of acid.
The oklob plant spits acid at you. The splash of acid hits you! You resist.
The oklob plant spits acid at you. You block the splash of acid.
The oklob plant spits acid at you. The splash of acid hits you. You resist.
You are no longer corroded.
The oklob plant spits acid at you. The splash of acid hits you. You resist.
The oklob plant spits acid at you. The splash of acid hits you! You resist.
The oklob plant spits acid at you. The splash of acid hits you! You resist.
The oklob plant spits acid at you. The splash of acid hits you. You resist.
The acid corrodes you! The oklob plant spits acid at you.
The splash of acid hits you. You resist.
You die...

#...............##
#................# #
##................#
#
##................##
#
#................##
##................#
#....#..........###
..#..#...........#
.###.......@.....#
##..............#
#.#....PPP......###
#....[PPP).....#
#.....PPP......#
#......!......##
##............#
###.........##
###.......#


You could see an oklob plant.

Vanquished Creatures
  A boulder beetle (D:7)
  Pikel (D:3)
  Joseph (D:9)
  2 komodo dragons (Lair:1)
  A hornet (D:8)
  3 wyverns
  2 shadows (D:9)
  Eustachio (D:6)
  Menkaure (D:4)
  A steam dragon (D:8)
  2 acid dragons
  2 water moccasins
  Duvessa (D:7)
  2 orc warriors
  A black bear (D:5)
  3 ice beasts
  2 ogres (D:6)
  3 centaurs (D:9)
  3 lemures (D:3)
  2 kobold brigands
  2 phantoms
  4 bullfrogs
  4 necrophages
  2 scorpions
  4 wights (D:6)
  Dowan (D:7)
  4 troll zombies (D:9)
  6 killer bees (D:7)
  4 howler monkeys (D:9)
  8 orc priests
  8 hounds
  2 jellies
  5 iguanas
  6 orc wizards
  4 ogre zombies (D:9)
  7 gnolls
  8 adders
  A shadow imp (D:5)
  An ufetubus (D:5)
  5 worms
  3 dart slugs (D:1)
  17 orcs
  7 ball pythons
  9 endoplasms
  6 giant cockroaches
  6 goblins
  3 hobgoblins
  7 jackals
  12 kobolds
  6 quokkas
  4 bats
  3 frilled lizards
  A goblin skeleton (D:9)
  4 goblin zombies (D:9)
  2 hobgoblin skeletons (D:9)
  2 hobgoblin zombies (D:9)
  2 orc skeletons (D:9)
  14 orc zombies (D:9)
  3 rats (D:1)
232 creatures vanquished.

Vanquished Creatures (others)
  2 plants
2 creatures vanquished.

Grand Total: 234 creatures vanquished

Notes
Turn   | Place    | Note
-------+----------+-------------------------------------------
     0 | D:1      | qw the Troll Cinder Acolyte began the quest for the Orb.
     0 | D:1      | Reached XP level 1. HP: 22/22 MP: 1/1
     0 | D:1      | 0 ||| qw: Version: 0.1-a-97-g2dd2ca4
     0 | D:1      | 0 ||| qw: Game counter: 4825
     0 | D:1      | 0 ||| qw: Always use a shield: true
     0 | D:1      | 0 ||| qw: God list: Okawaru
     0 | D:1      | 0 ||| qw: Allow faded altars: false
     0 | D:1      | 0 ||| qw: Do Orc after D:15 true
     0 | D:1      | 0 ||| qw: Do second Lair branch before Depths: true
     0 | D:1      | 0 ||| qw: Lair rune preference: random
     0 | D:1      | 0 ||| qw: Plans: Normal
     0 | D:1      | 0 ||| PLANNING D:1-11
   152 | D:1      | Reached XP level 2. HP: 29/29 MP: 2/2
   305 | D:1      | 305 ||| Stepping ~*~*~tactically~*~*~ (stealth).
   456 | D:1      | Reached skill level 4 in Unarmed Combat
   494 | D:1      | 494 ||| Stepping ~*~*~tactically~*~*~ (hiding).
   569 | D:1      | Reached XP level 3. HP: 36/36 MP: 3/3
   645 | D:1      | 645 ||| READING scroll labelled DAORAU TITZU.
   646 | D:1      | 646 ||| READING scroll labelled GAX VISUIPN.
   649 | D:1      | 649 ||| READING scroll labelled DIJOER GOS YLEMP.
   650 | D:1      | 650 ||| READING scroll labelled YLAEPT TA ZYXT.
   651 | D:1      | 651 ||| READING scroll labelled UDECAHOHYRA.
   652 | D:1      | 652 ||| READING scroll labelled VAER OZXAO.
   819 | D:2      | 819 ||| Stepping ~*~*~tactically~*~*~ (stealth).
   821 | D:2      | 821 ||| Stepping ~*~*~tactically~*~*~ (stealth).
   822 | D:2      | 822 ||| Stepping ~*~*~tactically~*~*~ (stealth).
   823 | D:2      | 823 ||| Stepping ~*~*~tactically~*~*~ (stealth).
   838 | D:2      | 838 ||| Stepping ~*~*~tactically~*~*~ (stealth).
   839 | D:2      | 839 ||| Stepping ~*~*~tactically~*~*~ (stealth).
   932 | D:2      | 932 ||| Stepping ~*~*~tactically~*~*~ (outnumbered).
   939 | D:2      | Reached XP level 4. HP: 43/44 MP: 4/4
   941 | D:2      | Reached skill level 5 in Unarmed Combat
  1001 | D:2      | 1001 ||| Stepping ~*~*~tactically~*~*~ (stealth).
  1007 | D:2      | 1007 ||| FLEEEEING.
  1008 | D:2      | 1008 ||| FLEEEEING.
  1009 | D:2      | 1009 ||| FLEEEEING.
  1010 | D:2      | 1010 ||| FLEEEEING.
  1012 | D:2      | 1012 ||| FLEEEEING.
  1040 | D:2      | Found a faded altar of an unknown god.
  1254 | D:2      | 1254 ||| UPGRADING to +4 ring of evasion.
  1255 | D:2      | 1255 ||| READING 2 scrolls labelled EFO PUETAOHINI.
  1256 | D:2      | 1256 ||| READING scroll labelled IPUIRPH JUS WAL.
  1257 | D:2      | 1257 ||| READING scroll labelled YTSAEM KUUXT.
  1279 | D:2      | 1279 ||| DROPPING scroll of immolation.
  1356 | D:3      | Found a shimmering blue altar of Sif Muna.
  1410 | D:3      | 1410 ||| Stepping ~*~*~tactically~*~*~ (hiding).
  1413 | D:3      | 1413 ||| INVOKING Fiery Armour.
  1418 | D:3      | 1418 ||| Stepping ~*~*~tactically~*~*~ (outnumbered).
  1421 | D:3      | Reached XP level 5. HP: 50/50 MP: 5/5
  1443 | D:3      | Reached skill level 6 in Unarmed Combat
  1519 | D:3      | Found an opulent altar of Gozag.
  1644 | D:3      | 1644 ||| Stepping ~*~*~tactically~*~*~ (stealth).
  1801 | D:3      | 1801 ||| UPGRADING to ring of see invisible.
  1802 | D:3      | 1802 ||| READING scroll labelled BEMUKH BIHAFA.
  1848 | D:4      | Noticed Pikel
  1848 | D:4      | Noticed a lemure
  1848 | D:4      | Noticed a lemure
  1849 | D:4      | Noticed a lemure
  1851 | D:4      | Noticed a lemure
  1852 | D:4      | 1852 ||| STAIRDANCE
  1859 | D:3      | Killed a lemure
  1866 | D:4      | 1866 ||| STAIRDANCE
  1868 | D:3      | 1868 ||| Stepping ~*~*~tactically~*~*~ (outnumbered).
  1869 | D:3      | 1869 ||| Stepping ~*~*~tactically~*~*~ (outnumbered).
  1870 | D:3      | 1870 ||| Stepping ~*~*~tactically~*~*~ (outnumbered).
  1871 | D:3      | 1871 ||| Stepping ~*~*~tactically~*~*~ (outnumbered).
  1872 | D:3      | 1872 ||| Stepping ~*~*~tactically~*~*~ (outnumbered).
  1873 | D:3      | 1873 ||| Stepping ~*~*~tactically~*~*~ (outnumbered).
  1874 | D:3      | 1874 ||| Stepping ~*~*~tactically~*~*~ (outnumbered).
  1875 | D:3      | 1875 ||| Stepping ~*~*~tactically~*~*~ (outnumbered).
  1876 | D:3      | 1876 ||| Stepping ~*~*~tactically~*~*~ (outnumbered).
  1877 | D:3      | 1877 ||| Stepping ~*~*~tactically~*~*~ (outnumbered).
  1879 | D:3      | HP: 6/50 [lemure[Pikel] (7)]
  1880 | D:3      | 1880 ||| READING scroll of teleportation.
  1881 | D:3      | 1881 ||| INVOKING Fiery Armour.
  1884 | D:3      | Killed a lemure
  1936 | D:3      | 1936 ||| Stepping ~*~*~tactically~*~*~ (stealth).
  1944 | D:3      | 1944 ||| Stepping ~*~*~tactically~*~*~ (outnumbered).
  1948 | D:3      | Killed a lemure
  1957 | D:3      | Killed Pikel
  1958 | D:3      | Reached skill level 8 in Unarmed Combat
  1958 | D:3      | Reached XP level 6. HP: 35/59 MP: 6/6
  1958 | D:3      | Reached XP level 7. HP: 39/66 MP: 7/7
  2117 | D:4      | Noticed Menkaure
  2122 | D:4      | 2122 ||| INVOKING Fiery Armour.
  2131 | D:4      | Reached skill level 3 in Fighting
  2295 | D:4      | Found a hide-covered altar of Uskayaw.
  2317 | D:4      | 2317 ||| Stepping ~*~*~tactically~*~*~ (hiding).
  2378 | D:4      | Reached skill level 9 in Unarmed Combat
  2510 | D:4      | Found an ancient bone altar of Kikubaaqudgha.
  2516 | D:4      | 2516 ||| Stepping ~*~*~tactically~*~*~ (outnumbered).
  2517 | D:4      | 2517 ||| Stepping ~*~*~tactically~*~*~ (outnumbered).
  2518 | D:4      | 2518 ||| Stepping ~*~*~tactically~*~*~ (outnumbered).
  2523 | D:4      | 2523 ||| Stepping ~*~*~tactically~*~*~ (outnumbered).
  2538 | D:4      | Reached skill level 1 in Dodging
  2586 | D:4      | Reached XP level 8. HP: 75/75 MP: 8/8
  2735 | D:4      | 2735 ||| Stepping ~*~*~tactically~*~*~ (hiding).
  2739 | D:4      | 2739 ||| INVOKING Fiery Armour.
  2741 | D:4      | Killed Menkaure
  2946 | D:4      | 2946 ||| DRINKING 2 black potions.
  2947 | D:4      | 2947 ||| DRINKING 2 coppery potions.
  2983 | D:5      | Entered Level 5 of the Dungeon
  3034 | D:5      | Reached skill level 3 in Throwing
  3057 | D:5      | 3057 ||| Stepping ~*~*~tactically~*~*~ (stealth).
  3058 | D:5      | 3058 ||| Stepping ~*~*~tactically~*~*~ (stealth).
  3059 | D:5      | 3059 ||| Stepping ~*~*~tactically~*~*~ (stealth).
  3063 | D:5      | 3063 ||| FLEEEEING.
  3064 | D:5      | 3064 ||| FLEEEEING.
  3065 | D:5      | 3065 ||| FLEEEEING.
  3066 | D:5      | 3066 ||| FLEEEEING.
  3067 | D:5      | 3067 ||| FLEEEEING.
  3068 | D:5      | 3068 ||| FLEEEEING.
  3069 | D:5      | 3069 ||| FLEEEEING.
  3070 | D:5      | 3070 ||| FLEEEEING.
  3071 | D:5      | 3071 ||| FLEEEEING.
  3072 | D:5      | 3072 ||| FLEEEEING.
  3299 | D:5      | Found an ornate altar of the Wu Jian Council.
  3306 | D:5      | Reached skill level 10 in Unarmed Combat
  3372 | D:5      | Found a hazy altar of Hepliaklqana.
  3456 | D:5      | 3456 ||| READING scroll labelled LAACUZ LAEBI.
  3457 | D:5      | 3457 ||| DRINKING 2 bubbling orange potions.
  3489 | D:5      | 3489 ||| READING 2 scrolls of identify.
  3489 | D:5      | 3489 ||| IDENTIFYING dark potion
  3490 | D:5      | 3490 ||| DROPPING potion of brilliance.
  3491 | D:5      | 3491 ||| DROPPING potion of lignification.
  3532 | D:6      | 3532 ||| STAIRDANCE
  3588 | D:6      | Noticed Eustachio
  3601 | D:6      | 3601 ||| Stepping ~*~*~tactically~*~*~ (outnumbered).
  3602 | D:6      | 3602 ||| INVOKING Fiery Armour.
  3622 | D:6      | Killed Eustachio
  3683 | D:6      | Found a staircase to the Ecumenical Temple.
  3815 | D:6      | Reached XP level 9. HP: 80/84 MP: 9/9
  3940 | D:6      | Reached skill level 11 in Unarmed Combat
  4206 | D:6      | 4206 ||| Stepping ~*~*~tactically~*~*~ (outnumbered).
  4207 | D:6      | 4207 ||| Stepping ~*~*~tactically~*~*~ (outnumbered).
  4208 | D:6      | 4208 ||| Stepping ~*~*~tactically~*~*~ (outnumbered).
  4209 | D:6      | 4209 ||| Stepping ~*~*~tactically~*~*~ (outnumbered).
  4210 | D:6      | 4210 ||| Stepping ~*~*~tactically~*~*~ (outnumbered).
  4211 | D:6      | 4211 ||| INVOKING Fiery Armour.
  4300 | D:6      | 4300 ||| READING 2 scrolls of identify.
  4300 | D:6      | 4300 ||| IDENTIFYING sedimented green potion
  4301 | D:6      | 4301 ||| DROPPING potion of attraction.
  4447 | D:7      | Noticed Duvessa
  4450 | D:7      | Noticed Dowan
  4451 | D:7      | 4451 ||| Stepping ~*~*~tactically~*~*~ (hiding).
  4455 | D:7      | 4455 ||| INVOKING Fiery Armour.
  4459 | D:7      | Killed Duvessa
  4462 | D:7      | Killed Dowan
  4496 | D:7      | 4496 ||| Stepping ~*~*~tactically~*~*~ (stealth).
  4498 | D:7      | 4498 ||| Stepping ~*~*~tactically~*~*~ (stealth).
  4502 | D:7      | 4502 ||| Stepping ~*~*~tactically~*~*~ (stealth).
  4505 | D:7      | 4505 ||| Stepping ~*~*~tactically~*~*~ (stealth).
  4526 | D:7      | Reached skill level 12 in Unarmed Combat
  4528 | D:7      | Noticed a boulder beetle
  4548 | D:7      | Killed a boulder beetle
  4606 | D:7      | 4606 ||| Stepping ~*~*~tactically~*~*~ (hiding).
  4608 | D:7      | 4608 ||| INVOKING Fiery Armour.
  4755 | D:7      | Reached XP level 10. HP: 88/98 MP: 10/10
  4893 | D:7      | 4893 ||| UPGRADING to +0 tower shield.
  4898 | D:7      | 4898 ||| READING scroll labelled MIWKE PEXECLU.
  4965 | D:7      | 4965 ||| Stepping ~*~*~tactically~*~*~ (stealth).
  4966 | D:7      | 4966 ||| Stepping ~*~*~tactically~*~*~ (stealth).
  4967 | D:7      | 4967 ||| DRINKING 2 fuming puce potions.
  5013 | D:7      | 5013 ||| DROPPING potion of ambrosia.
  5086 | D:8      | Reached skill level 1 in Shields
  5169 | D:8      | 5169 ||| Stepping ~*~*~tactically~*~*~ (outnumbered).
  5170 | D:8      | 5170 ||| Stepping ~*~*~tactically~*~*~ (outnumbered).
  5171 | D:8      | 5171 ||| Stepping ~*~*~tactically~*~*~ (outnumbered).
  5174 | D:8      | 5174 ||| Stepping ~*~*~tactically~*~*~ (outnumbered).
  5179 | D:8      | 5179 ||| Stepping ~*~*~tactically~*~*~ (outnumbered).
  5327 | D:8      | 5327 ||| Stepping ~*~*~tactically~*~*~ (hiding).
  5334 | D:8      | 5334 ||| Stepping ~*~*~tactically~*~*~ (stealth).
  5474 | D:8      | Reached skill level 3 in Shields
  5478 | D:8      | Paralysed by a hornet for 2 turns
  5481 | D:8      | 5481 ||| INVOKING Fiery Armour.
  5482 | D:8      | HP: 21/98 [hornet (4)]
  5483 | D:8      | 5483 ||| READING 2 scrolls of teleportation.
  5487 | D:8      | HP: 12/98 [poisoned by a hornet]
  5687 | D:8      | Found a sacrificial altar of Ru.
  5859 | D:8      | Found a burning altar of Makhleb.
  5868 | D:8      | Found Zeokk's Specific Store.
  5872 | D:8      | Found Ageti's General Store.
  5881 | D:8      | 5881 ||| BUYING potion of haste (120 gold).
  5881 | D:8      | Bought a potion of haste for 120 gold pieces
  5881 | D:8      | 5881 ||| BUYING scroll of teleportation (36 gold).
  5881 | D:8      | Bought a scroll of teleportation for 36 gold pieces
  5954 | D:8      | 5954 ||| UPGRADING to +0 acid dragon scales.
  5964 | D:8      | 5964 ||| DROPPING +0 robe.
  5965 | D:8      | 5965 ||| READING scroll labelled HEXTAYRGH RIHOI.
  5989 | D:9      | Noticed Joseph
  5990 | D:9      | 5990 ||| Stepping ~*~*~tactically~*~*~ (hiding).
  6008 | D:9      | 6008 ||| DRINKING potion of curing.
  6008 | D:9      | 6008 ||| (to cure confusion)
  6010 | D:9      | Killed Joseph
  6024 | D:9      | 6024 ||| Stepping ~*~*~tactically~*~*~ (hiding).
  6026 | D:9      | 6026 ||| Stepping ~*~*~tactically~*~*~ (hiding).
  6109 | D:9      | Found a staircase to the Lair.
  6132 | D:9      | 6132 ||| Stepping ~*~*~tactically~*~*~ (stealth).
  6135 | D:9      | 6135 ||| Stepping ~*~*~tactically~*~*~ (hiding).
  6155 | D:9      | 6155 ||| Stepping ~*~*~tactically~*~*~ (stealth).
  6161 | D:9      | 6161 ||| INVOKING Fiery Armour.
  6197 | D:9      | 6197 ||| Stepping ~*~*~tactically~*~*~ (stealth).
  6216 | D:9      | 6216 ||| Stepping ~*~*~tactically~*~*~ (stealth).
  6231 | D:9      | Reached skill level 6 in Shields
  6232 | D:9      | 6232 ||| FLEEEEING.
  6233 | D:9      | 6233 ||| FLEEEEING.
  6234 | D:9      | 6234 ||| FLEEEEING.
  6235 | D:9      | 6235 ||| FLEEEEING.
  6236 | D:9      | 6236 ||| FLEEEEING.
  6237 | D:9      | 6237 ||| FLEEEEING.
  6238 | D:9      | 6238 ||| FLEEEEING.
  6239 | D:9      | 6239 ||| FLEEEEING.
  6240 | D:9      | 6240 ||| FLEEEEING.
  6241 | D:9      | 6241 ||| FLEEEEING.
  6242 | D:9      | 6242 ||| FLEEEEING.
  6243 | D:9      | 6243 ||| FLEEEEING.
  6244 | D:9      | 6244 ||| FLEEEEING.
  6245 | D:9      | 6245 ||| FLEEEEING.
  6246 | D:9      | 6246 ||| FLEEEEING.
  6247 | D:9      | 6247 ||| FLEEEEING.
  6255 | D:9      | 6255 ||| FLEEEEING.
  6256 | D:9      | 6256 ||| FLEEEEING.
  6257 | D:9      | 6257 ||| FLEEEEING.
  6258 | D:9      | 6258 ||| FLEEEEING.
  6259 | D:9      | 6259 ||| FLEEEEING.
  6301 | D:9      | 6301 ||| Stepping ~*~*~tactically~*~*~ (stealth).
  6316 | D:9      | Found a staircase to the Orcish Mines.
  6374 | D:9      | 6374 ||| Stepping ~*~*~tactically~*~*~ (hiding).
  6497 | D:9      | 6497 ||| Stepping ~*~*~tactically~*~*~ (stealth).
  6537 | D:9      | 6537 ||| Stepping ~*~*~tactically~*~*~ (stealth).
  6539 | D:9      | 6539 ||| Stepping ~*~*~tactically~*~*~ (hiding).
  6579 | D:9      | 6579 ||| Stepping ~*~*~tactically~*~*~ (stealth).
  6889 | D:9      | 6889 ||| PLANNING LAIR
  6889 | D:9      | 6889 ||| READING 2 scrolls of identify.
  6889 | D:9      | 6889 ||| IDENTIFYING green potion
  6938 | Lair:1   | Entered Level 1 of the Lair of Beasts
  7247 | Lair:1   | Noticed an oklob plant
  7248 | Lair:1   | 7248 ||| INVOKING Fiery Armour.
  7326 | Lair:1   | HP: 19/98 [oklob plant/splash of acid (13)]
  7327 | Lair:1   | 7327 ||| READING 3 scrolls of teleportation.
  7489 | Lair:1   | 7489 ||| Stepping ~*~*~tactically~*~*~ (stealth).
  7561 | Lair:1   | Reached XP level 11. HP: 84/105 MP: 11/11
  7771 | Lair:1   | 7771 ||| INVOKING Fiery Armour.
  7804 | Lair:1   | 7804 ||| READING 2 scrolls of teleportation.
  8044 | Lair:1   | 8044 ||| INVOKING Fiery Armour.
  8098 | Lair:1   | HP: 23/105 [oklob plant/splash of acid (11)]
  8099 | Lair:1   | 8099 ||| READING scroll of teleportation.
  8274 | Lair:1   | HP: 26/105 [oklob plant/splash of acid (9)]
  8292 | Lair:1   | HP: 19/105 [oklob plant/splash of acid (9)]
  8293 | Lair:1   | HP: 5/105 [oklob plant/splash of acid (15)]
  8296 | Lair:1   | HP: 2/105 [oklob plant/splash of acid (6)]
  8297 | Lair:1   | Killed from afar by an oklob plant

Levels and vault maps discovered:
D:1:      wander_arrival_fairy_ring, layout_loops_ring, minmay_tromino_v4_a
D:2:      cheibrodos_old_hovel, layout_basic, ebering_ecumenical_altar_webs,
          kennysheep_generic_room_16
D:3:      layout_rooms, nicolae_sif_muna_condensation,
          mainiacjoe_overflow_concentric_impassable
D:4:      layout_loops_corners, eat_drink_and_be_merry_uskayaw,
          kiku_gazebo_pond_becter, uniq_menkaure, uniq_pikel
D:5:      layout_rooms, marbit_many_paths, nzn_hepliaklqana_mist_gate,
          hangedman_decor_clover_reticule
D:6:      layout_cave_pods, minmay_temple_entry_glass, uniq_eustachio
D:7:      layout_rooms, uniq_duvessa
D:8:      layout_basic, kennysheep_mini_moat, kennysheep_little_box,
          hangedman_decor_lopped, small_statue_intersection,
          nicolae_specific_store, minivault_4, reono_crystal_passage
D:9:      layout_roguey, lair_entry_dummy, zombieorc2_lemuel, uniq_joseph
Lair:1:   layout_cave_shapes, minmay_lair_oklob_bushes

Skill      XL: |  1  2  3  4  5  6  7  8  9 10 |
---------------+-------------------------------+-----
Unarmed Combat | 4 5 8 9 10 12 | 12.2
Fighting       | 3 4 5 |  5.8
Dodging        | 1 |  1.1
Throwing       | 3 4 |  4.5
Shields        | 8 |  8.1
Spellcasting   | |  1.0
Fire Magic     | |  2.1

Action                   |  1- 3 |  4- 6 |  7- 9 | 10-12 || total
-------------------------+-------+-------+-------+-------++-------
Melee: Unarmed           |    97 |    94 |   243 |   290 ||   724
       Punch             |     1 |     2 |    10 |       ||    13
Throw: Large rock        |       |       |    34 |    11 ||    45
Invok: Fiery Armour      |       |     2 |     6 |     5 ||    13
  Use: Scroll            |     6 |     5 |     3 |     7 ||    21
       Potion            |       |       |     3 |     2 ||     5
Armor: Robe              |    21 |    30 |    50 |    10 ||   111
       Acid dragon scale |       |       |       |    42 ||    42
Dodge: Dodged            |    37 |    49 |   131 |    93 ||   310
Block: Tower shield      |       |       |       |   133 ||   133

Table legend:
 A = Non-vault XP
 B = Vault XP
 C = Vault XP percentage of total XP
 D = Non-vault monster count
 E = Vault monster count
 F = Vault count percentage of total count
                 A         B        C        D         E       F
            +---------+---------+-------+---------+---------+-------
      Total |    8278 |    2735 |  24.8 |     182 |      47 |  20.5
            +---------+---------+-------+---------+---------+-------
        D:1 |      40 |       5 |  11.1 |      20 |       3 |  13.0
        D:2 |      92 |       5 |   5.2 |      27 |       1 |   3.6
        D:3 |     116 |     718 |  86.1 |      17 |       1 |   5.6
        D:4 |     472 |     183 |  27.9 |      24 |       1 |   4.0
        D:5 |     687 |     105 |  13.3 |      14 |       1 |   6.7
        D:6 |     999 |     196 |  16.4 |      16 |       1 |   5.9
        D:7 |    2045 |     204 |   9.1 |      20 |       2 |   9.1
        D:8 |    1140 |       0 |   0.0 |      15 |       0 |   0.0
        D:9 |    1082 |    1319 |  54.9 |      21 |      37 |  63.8
     Lair:1 |    1605 |       0 |   0.0 |       8 |       0 |   0.0
            +---------+---------+-------+---------+---------+-------
